 Dungeon Crawl Stone Soup version 0.18-a0-1-gfac8111 (webtiles) character file.

79 bart the Cutter (level 4, -11/23 HPs)
             Began as a Vine Stalker Chaos Knight on Oct 30, 2015.
             Killed by nerve-wracking pain
             ... invoked by Grinder
              (13 damage)
             ... on level 4 of the Dungeon.
             The game lasted 00:03:58 (838 turns).

bart the Cutter (Vine Stalker Chaos Knight)          Turns: 838, Time: 00:03:59

Health: -11/23     AC:  7    Str: 15    XL:     4   Next: 38%
Magic:  0/5        EV: 11    Int: 12    God:    Xom [..*...]
Gold:   54         SH:  0    Dex: 14    Spells: 0 memorised, 3 levels left

rFire  . . .     SeeInvis .     a - +0 short sword (chaos)
rCold  . . .     Clarity  .     e - +2 leather armour
rNeg   . . .     SustAt   .     (no shield)
rPois  +         Gourm    .     (no helmet)
rElec  .         Spirit   +     (no cloak)
rCorr  .         Warding  .     (no gloves)
rMut   .         Stasis   .     h - +1 pair of boots
MR     .....                    (no amulet)
Stlth  +.........               (no ring)
                                j - ring of poison resistance

@: not resistant to hostile enchantments, very unstealthy
A: fangs 2, regeneration 1, magic shield, antimagic bite, no device heal 3, rot
immunity
a: Renounce Religion


You were on level 4 of the Dungeon.
You worshipped Xom.
You were a toy of Xom.
You were not hungry.

You visited 1 branch of the dungeon, and saw 4 of its levels.

You collected 54 gold pieces.

Inventory:

Hand Weapons
 a - a +0 short sword of chaos (weapon)
 b - a -3 blowgun
 l - a +0 hunting sling
Missiles
 d - 81 stones (quivered)
 n - 10 poisoned needles
Armour
 e - a +2 leather armour (worn)
 h - a +1 pair of boots (worn)
Jewellery
 j - a ring of poison resistance (left hand)
Wands
 f - a wand of cold (3)
Scrolls
 k - a scroll of magic mapping {unknown}
Potions
 g - a potion of flight {unknown}
 i - a potion of mutation {unknown}
 m - a potion of berserk rage {unknown}
 o - a potion of brilliance {unknown}
Comestibles
 c - a bread ration


   Skills:
 - Level 2.6 Fighting
 + Level 4.5 Short Blades
 - Level 1.5 Armour
 - Level 0.7 Dodging


You had 3 spell levels left.
You didn't know any spells.

Dungeon Overview and Level Annotations

Branches:
Dungeon (4/15)
 Temple: D:4-7

Altars:
Fedhas
Nemelex Xobeh

Annotations:
D:4 Grinder


Innate Abilities, Weirdness & Mutations

You have extremely sharp teeth.
Your natural rate of healing is unusually fast.
When hurt, damage is shared between your health and your magic reserves.
Your bite disrupts and absorbs the magic of your enemies.
Potions and wands cannot restore your health.
You are immune to rotting.


Message History

a - a +0 short sword of chaos (weapon)
Put on which piece of jewellery? (? for menu, Esc to quit)
j - a ring of poison resistance (left hand) Unknown command.
Your surroundings suddenly seem different.
Unknown command.
b - a -3 blowgun (weapon)
d - 81 stones (gained 9)
A rat comes into view.
Aim: a rat You shoot a poisoned needle.
The poisoned needle hits the rat!
The rat is poisoned.
You kill the rat!
f - a wand of cold
n - 6 poisoned needles (gained 1)
g - a metallic blue potion A quokka comes into view.
Aim: a quokka You shoot a poisoned needle.
The poisoned needle hits the quokka!
The quokka is poisoned.
The quokka bites you but does no damage.
It is briefly surrounded by a scintillating aura of random colours.
a - a +0 short sword of chaos (weapon)
The quokka bites you. The quokka barely misses you.
You take 2 damage, and have 21/23 hp.
You hit the quokka.
You kill the quokka!
n - 6 poisoned needles (gained 1) Health restored: 23
k - a scroll labeled EROESI SARALISK A rat comes into view.
Aim: a rat You throw a stone.
The stone hits the rat but does no damage.
You hit the rat but do no damage. You bite the rat. You drain its power.
The rat bites you but does no damage.
You completely miss the rat. Your bite misses the rat. The rat bites you.
You take 1 damage, and have 22/23 hp.
You hit the rat but do no damage. You bite the rat. You drain its power.
You kill the rat!
d - 81 stones (gained 1) Health restored: 23
n - 7 poisoned needles (gained 1)
n - 8 poisoned needles (gained 1)
You see here a club.
n - 9 poisoned needles (gained 1)
n - 10 poisoned needles (gained 1)
You see here a giant newt corpse.
Found a blossoming altar of Fedhas.
You see here a jackal corpse.
m - a dark potion
There is a stone staircase leading down here.
You climb downwards.
There is a stone staircase leading up here.
o - a coppery potion
There is a stone staircase leading up here.
You open the door.
There is an open door here.
Grinder comes into view.
Grinder shouts!
Grinder says, "I used to sell toenails on the black market."
Unknown command.
You start waiting.
Unknown command.
You hit Grinder but do no damage. You bite Grinder, but do no damage.
You closely miss Grinder. Grinder barely misses you.
You hit Grinder.
Xom makes a sudden noise!
You hear someone snoring.
You hear a shout!
Grinder hits you.
You writhe in agony.
You take 4 damage, and have 19/23 hp.
Unknown command.
Unknown command.
You hit Grinder. Grinder hits you!
You take 6 damage, and have 13/23 hp.
MASSIVE DAMAGE!!
You now have 3/5 mp.
You hit Grinder.
Grinder's magic leaks into the air.
Grinder closely misses you.
You hit Grinder. You bite Grinder, but do no damage. Grinder hits you!
* * * LOW HITPOINT WARNING * * *
You writhe in agony.
* * * LOW HITPOINT WARNING * * *
You take 12 damage, and have 1/23 hp.
MASSIVE DAMAGE!!
You now have 1/5 mp.
You hit Grinder but do no damage. Grinder closely misses you.
Unknown command.
You hit Grinder but do no damage.
Unknown command.
You hit Grinder. Grinder hits you but does no damage.
Unknown command.
You hit Grinder.
You burn Grinder. "Hum-dee-hum-dee-hum..."
Grinder is moving more slowly.
Grinder gestures at you. Pain shoots through your body!
Ouch! That really hurt!
You die...
Xom bursts into laughter!

.......>.
....5...##
.........
........# #.#
###.##.#######
..............####
........####5....#
####.#..# #@....#
#.#..# #.....# #
#..# ##'#### #..#
#.# #..# #.######
#..#####.##...
........<#.#######
..................
...####.##.####...


You could see Grinder (petrifying).

Vanquished Creatures
  3 gnolls (D:2)
  An adder (D:2)
  An ooze (D:2)
  A giant gecko (D:1)
  2 bats (D:2)
  4 hobgoblins
  4 jackals
  A quokka (D:3)
  A ball python (D:1)
  A giant cockroach (D:2)
  5 giant newts
  5 goblins
  5 kobolds
  8 rats
42 creatures vanquished.

Notes
Turn   | Place    | Note
--------------------------------------------------------------
     0 | D:1      | bart the Vine Stalker Chaos Knight began the quest for the Orb.
     0 | D:1      | Reached XP level 1. HP: 11/11 MP: 2/2
    19 | D:1      | Reached skill level 3 in Short Blades
    47 | D:1      | Found a sparkling altar of Nemelex Xobeh.
   129 | D:1      | Reached XP level 2. HP: 16/16 MP: 3/3
   404 | D:2      | XOM: mild Ice miscast
   405 | D:2      | Reached XP level 3. HP: 13/19 MP: 4/4
   429 | D:2      | Reached skill level 4 in Short Blades
   436 | D:2      | XOM: divination: detect items
   501 | D:2      | Reached XP level 4. HP: 20/23 MP: 3/5
   747 | D:3      | Found a blossoming altar of Fedhas.
   814 | D:4      | Noticed Grinder
   831 | D:4      | XOM: noise
   834 | D:4      | HP: 1/23 [Grinder (5)]
   838 | D:4      | XOM: enchant monster (good)
   838 | D:4      | Killed from afar by Grinder

Vault maps used:
D:1:      ncdulo_lavacross, serial_forest, infiniplex_forest_lined_room_,
          infiniplex_forest_clump_long, infiniplex_forest_zigzag_2,
          infiniplex_forest_lined_3_way, infiniplex_forest_end_2,
          infiniplex_forest_lined_2, infiniplex_forest_lined_room_,
          infiniplex_forest_lined_room_2, nemelex_altar_shiori
D:2:      elyvilon_altar_1
D:3:      nicolae_overflow_crystal_walls, vehumet_crystals, serial_forest,
          infiniplex_forest_lined_room_2, infiniplex_forest_clump_large,
          infiniplex_forest_lined_room_3, infiniplex_forest_diagonal,
          infiniplex_forest_lined_ring, infiniplex_forest_lined_room_2,
          uniq_crazy_yiuf_cottage
D:4:      temple_fountains, first_bread, serial_shops, nicolae_shop_waterfront,
          uniq_robin, uniq_grinder

Action                   |  1- 3 |  4- 6 || total
-------------------------+-------+-------++-------
Melee: Short sword       |    68 |    41 ||   109
 Fire: Hunting sling     |     4 |       ||     4
       Blowgun           |       |     2 ||     2
Throw: Stone             |     4 |     2 ||     6
  Use: Scroll            |       |     3 ||     3

Vault maps used:
D:1:      ncdulo_lavacross, serial_forest, infiniplex_forest_lined_room_,
          infiniplex_forest_clump_long, infiniplex_forest_zigzag_2,
          infiniplex_forest_lined_3_way, infiniplex_forest_end_2,
          infiniplex_forest_lined_2, infiniplex_forest_lined_room_,
          infiniplex_forest_lined_room_2, nemelex_altar_shiori
D:2:      elyvilon_altar_1
D:3:      nicolae_overflow_crystal_walls, vehumet_crystals, serial_forest,
          infiniplex_forest_lined_room_2, infiniplex_forest_clump_large,
          infiniplex_forest_lined_room_3, infiniplex_forest_diagonal,
          infiniplex_forest_lined_ring, infiniplex_forest_lined_room_2,
          uniq_crazy_yiuf_cottage
D:4:      temple_fountains, first_bread, serial_shops, nicolae_shop_waterfront,
          uniq_robin, uniq_grinder

Table legend:
 A = Turns spent in this place as a percentage of turns spent in the entire game.
 B = Non-inter-level travel turns spent in this place as a percentage of non-inter-level travel turns spent in the entire game.
 C = Inter-level travel turns spent in this place as a percentage of turns spent in this place.
 D = Turns resting spent in this place as a percentage of non-inter-level travel turns spent in this place.
 E = Turns spent auto-exploring this place as a percentage of non-inter-level travel turns spent in this place.
 F = Non-inter-level travel turns spent in this place divided by the number of levels of this place that you've seen.
                   A       B       C       D       E      F
               +-------+-------+-------+-------+-------+----------------------
         Total | 100.0 | 100.0 |   0.0 |   0.3 |   0.0 | 171.0
       Dungeon | 100.0 | 100.0 |   0.0 |   0.3 |   0.0 | 171.0
               +-------+-------+-------+-------+-------+----------------------

Table legend:
 A = Kills in this place as a percentage of kills in entire the game.
 B = Kills by you in this place as a percentage of kills by you in the entire game.
 C = Kills by friends in this place as a percentage of kills by friends in the entire game.
 D = Other kills in this place as a percentage of other kills in the entire game.
 E = Experience gained in this place as a percentage of experience gained in the entire game.
 F = Experience gained in this place divided by the number of levels of this place that you have seen.
                   A       B       C       D       E      F
               +-------+-------+-------+-------+-------+----------------------
         Total | 100.0 | 100.0 |  -nan |  -nan | 100.0 |  28.5
       Dungeon | 100.0 | 100.0 |  -nan |  -nan | 100.0 |  28.5
               +-------+-------+-------+-------+-------+----------------------
